 Dungeon Crawl Stone Soup version 0.30-a0-782-ge64f9170bb (webtiles) character file.

Game seed: 17325458968947820734

228 Leeroy the Changer (level 6, -2/38 HPs)
             Began as an Octopode Transmuter on Feb 22, 2023.
             Splashed by a jelly's acid (11 damage)
             ... on level 4 of the Dungeon.
             The game lasted 00:03:26 (3190 turns).

Leeroy the Changer (Octopode Transmuter)            Turns: 3190, Time: 00:03:27

Health: -2/38      AC: -7    Str:  9    XL:     6   Next: 2%
Magic:  9/9        EV: 14    Int: 17    God:
Gold:   117        SH:  0    Dex: 13    Spells: 5/9 levels left

rFire   . . .      SeeInvis .      - Unarmed
rCold   . . .      Faith    .    (no shield)
rNeg    + . .      Spirit   .    (helmet restricted)
rPois   .          Reflect  .    (no amulet)
rElec   .          Harm     .    k - ring of positive energy
rCorr   .          Rampage  .    (no ring)
Will    .....                    (no ring)
Stlth   ++                       (no ring)
HPRegen 0.26/turn                (no ring)
MPRegen 0.11/turn                (no ring)
                                 (no ring)
                                 (no ring)

@: corroded
A: almost no armour, amphibious, 8 rings, camouflage 1, gelatinous body 1,
(nimble swimmer 1), tentacles
a: no special abilities


You were on level 4 of the Dungeon.
You visited 1 branch of the dungeon, and saw 4 of its levels.

You collected 117 gold pieces.

Inventory:

Missiles
 p - 12 poisoned darts
Magical Staves
 m - a staff of earth
Jewellery
 k - a ring of positive energy (left tentacle)
Wands
 n - a wand of flame (8)
Scrolls
 b - 4 scrolls of teleportation {unknown}
 c - a scroll of acquirement {unknown}
 d - 2 scrolls of immolation {unknown}
 f - 4 scrolls of identify {unknown}
 g - 2 scrolls of fog {unknown}
 h - a scroll of noise {unknown}
 i - a scroll of summoning {unknown}
 j - a scroll of enchant armour {unknown}
 l - a scroll of brand weapon {unknown}
 s - a scroll of magic mapping {unknown}
 t - a scroll of poison {unknown}
 u - a scroll of blinking {unknown}
Potions
 a - 2 potions of lignification
 e - 2 potions of might {unknown}
 o - a potion of attraction {unknown}
 q - 2 potions of curing {unknown}
 r - a potion of brilliance {unknown}


   Skills:
 - Level 1.0 Fighting
 - Level 3.2 Dodging
 - Level 4.3 Unarmed Combat
 - Level 2.0 Spellcasting
 + Level 4.4 Transmutations


You had 5 spell levels left.
You knew the following spells:

 Your Spells              Type           Power      Damage    Failure   Level
a - Beastly Appendage     Tmut           32%        N/A       3%          1
b - Spider Form           Tmut/Pois      9%         N/A       24%         3

Your spell library contained the following spells:

 Spells                   Type           Power      Damage    Failure   Level
 Wereblood                Tmut           16%        N/A       4%          2
 Passwall                 Tmut/Erth      7%         N/A       12%         2
 Sandblast                Erth           2%         2d4       19%         1
 Ensorcelled Hibernation  Hex/Ice        2%         N/A       28%         2
 Portal Projectile        Hex/Tloc       2%         N/A       50%         3
 Stone Arrow              Conj/Erth      2%         3d7       50%         3
 Tukima's Dance           Hex            1%         N/A       50%         3
 Ice Form                 Ice/Tmut       9%         N/A       61%         4
 Blade Hands              Tmut           8%         N/A       65%         5
 Anguish                  Hex/Necr       0%         N/A       88%         4


Dungeon Overview and Level Annotations

Branches:
Dungeon (4/15)
 Temple: D:4-7

Altars:
Nemelex Xobeh
Vehumet

Shops:
D:4 =

Annotations:
D:3 3 runed translucent doors, rigao's ghost, amateur GrCK


Innate Abilities, Weirdness & Mutations

You cannot wear most types of armour.
You are amphibious.
You can wear up to eight rings at the same time.
Your skin changes colour to match your surroundings (Stealth+).
Your rubbery body absorbs attacks. (AC +1, EV +1)
((You are camouflaged when in or above water. (Stealth+)))
You have tentacles for arms and can constrict up to eight enemies at once.


Message History

The giant cockroach misses you. The scorpion completely misses you.
You tentacle-slap the scorpion but do no damage.
The scorpion is moderately wounded.
You constrict the scorpion, but do no damage.
The giant cockroach bites you. The scorpion closely misses you.
You release your grip on the scorpion.
The scorpion attacks as you move away! The scorpion barely misses you.
The kobold shouts!
The giant cockroach misses you. The scorpion attacks as you move away!
The scorpion stings you.
The giant cockroach bites you but does no damage.
The scorpion barely misses you.
You tentacle-slap the scorpion but do no damage.
You grab the scorpion.
You tentacle-slap the scorpion, but do no damage.
You squeeze the scorpion, but do no damage.
The scorpion is moderately wounded.
You constrict the scorpion. The scorpion stings you.
You tentacle-slap the scorpion.
The scorpion is severely wounded.
You constrict the scorpion. The scorpion closely misses you.
You tentacle-slap the scorpion but do no damage.
You squeeze the scorpion.
You kill the scorpion!
Your Transmutations skill increases to level 4!
You have reached level 6!
You tentacle-slap the jelly.
Your tentacles burn!
The jelly is lightly wounded.
The jelly hits you.
You are splashed with acid!
You tentacle-slap the jelly.
Your tentacles burn!
You squeeze the jelly!
The jelly is almost dead.
The jelly misses you.
You tentacle-slap the jelly. The acid corrodes you!
Your tentacles burn!
* * * LOW HITPOINT WARNING * * *
You squeeze the jelly, but do no damage.
The jelly is almost dead.
The jelly hits you.
* * * LOW HITPOINT WARNING * * *
The acid corrodes you!
You are splashed with acid!
You die...

..#....# ..#....#
## ###....# <# #
###### ###.# #
#######... #
.?.......# #
.........#
........K####
........BJ@.#
.........##.#
.........##.#
.........##.# ###
.........##.# ..#
.........##.## #.#
.........##..######
#.#
.........##.......#
..# #.###...##


You could see a jelly, a giant cockroach and a kobold.

Vanquished Creatures
  A scorpion (D:4)
  A jelly (D:4)
  An iguana (D:4)
  2 adders
  A worm (D:4)
  3 dart slugs
  2 orcs
  9 ball pythons
  7 bats
  14 endoplasms
  4 giant cockroaches
  8 goblins
  6 hobgoblins
  4 jackals (D:3)
  5 quokkas
  2 frilled lizards (D:1)
  3 kobolds
  6 rats
79 creatures vanquished.

Notes
Turn   | Place    | Note
-------+----------+-------------------------------------------
     0 | D:1      | Leeroy the Octopode Transmuter began the quest for the Orb.
     0 | D:1      | Reached XP level 1. HP: 13/13 MP: 3/3
    81 | D:1      | Reached XP level 2. HP: 18/18 MP: 5/5
   141 | D:1      | Found a faded altar of an unknown god.
   555 | D:1      | Reached XP level 3. HP: 23/23 MP: 6/6
  1091 | D:2      | Learned a level 3 spell: Spider Form
  1517 | D:2      | Identified the +2 pair of gloves "Meubenke" {Harm rPois
                  | Dex+3}
  1588 | D:2      | Reached XP level 4. HP: 28/28 MP: 7/7
  2110 | D:3      | Found a runed translucent gate.
  2110 | D:3      | Found a runed translucent gate.
  2110 | D:3      | Found a runed translucent gate.
  2206 | D:3      | Found a radiant altar of Vehumet.
  2492 | D:3      | Noticed rigao's ghost (amateur GrCK)
  2703 | D:4      | Reached XP level 5. HP: 11/33 MP: 8/8
  2878 | D:4      | Found Jiorics's Jewellery Shoppe.
  2968 | D:4      | Found a sparkling altar of Nemelex Xobeh.
  3188 | D:4      | Reached XP level 6. HP: 29/38 MP: 9/9
  3190 | D:4      | Splashed by a jelly's acid

Illustrated notes

Levels and vault maps discovered:
D:1:      saegor_arrival_simple_a, layout_basic,
          chequers_ecumenical_altar_simple, minmay_misc_feat_diagonals,
          amethyst_killhole
D:2:      layout_loops_cross, corexii_hall_statues_deadend
D:3:      layout_loops_ring, nicolae_vehumet_altar_sigil, gammafunk_ghost_icy
D:4:      layout_basic, lemuel_crystal_altar, general_overflow_altar,
          serial_shops, nicolae_take_the_stairs, serial_corexii_hall,
          chequers_hall_statues_wall_a, corexii_hall_statues_s

Skill      XL: |  1  2  3  4  5 |
---------------+----------------+-----
Unarmed Combat | 4 |  4.3
Transmutations | 3 4 |  4.4
Dodging        | 3 |  3.2
Fighting       | |  1.0
Spellcasting   | |  2.0

Action                     |  1- 3 |  4- 6 || total
---------------------------+-------+-------++-------
  Melee: Unarmed           |    85 |   100 ||   185
         Constrict         |    17 |    24 ||    41
         Tentacles         |    12 |    27 ||    39
         Punch             |     3 |     3 ||     6
   Stab: Sleeping          |     7 |     5 ||    12
         Distracted        |       |     1 ||     1
 Armour: Skin              |     4 |     6 ||    10
  Dodge: Dodged            |    55 |    57 ||   112

Table legend: (Time is in decaauts)
 A = Elapsed time spent in this place.
 B = Non-inter-level travel time spent in this place.
 C = Inter-level travel time spent in this place.
 D = Time resting spent in this place.
 E = Time spent auto-exploring this place.
 F = Levels seen in this place.
 G = Mean time per level.
                   A        B        C        D        E       F      G
               +--------+--------+--------+--------+--------+-----+--------+
         Total |   3175 |   3093 |     82 |      0 |   2557 |   4 |  793.8 |
       Dungeon |   3175 |   3093 |     82 |      0 |   2557 |   4 |  793.8 |
               +--------+--------+--------+--------+--------+-----+--------+

Top non-repeatable levels by time:
     D:1: 1082 daAuts
     D:3: 829 daAuts
     D:2: 742 daAuts
     D:4: 520 daAuts
